 Dungeon Crawl Stone Soup version 0.26.1-11-gd32895ea62 (webtiles) character file.

Game seed: 4290066741785443846

144 nothank2 the Slasher (level 5, -12/45 HPs)
             Began as a Minotaur Fighter on June 23, 2021.
             Mangled by Menkaure (14 damage)
             ... on level 4 of the Dungeon.
             The game lasted 00:06:33 (2512 turns).

nothank2 the Slasher (Minotaur Fighter)             Turns: 2512, Time: 00:06:34

Health: -12/45     AC: 11    Str: 21    XL:     5   Next: 5%
Magic:  4/4        EV:  3    Int:  5    God:
Gold:   279        SH:  9    Dex: 10    Spells: 4/4 levels left

rFire    + . .     SeeInvis .   a - +0 long sword
rCold    . . .     Faith    .   c - +0 kite shield
rNeg     . . .     Spirit   .   j - +0 plate armour
rPois    .         Reflect  .   (helmet restricted)
rElec    .         Harm     .   (no cloak)
rCorr    .         Rampage  .   (no gloves)
Will     .....                  (no boots)
Stlth    ..........             (no amulet)
HPRegen  0.15/turn              q - ring of protection from fire
MPRegen  0.09/turn              (no ring)

@: no status effects
A: retaliatory headbutt, horns 2
a: no special abilities


You were on level 4 of the Dungeon.
You visited 1 branch of the dungeon, and saw 4 of its levels.

You collected 279 gold pieces.

Inventory:

Hand Weapons
 a - a +0 long sword (weapon)
Missiles
 k - 5 boomerangs (quivered)
 n - 5 poisoned darts
Armour
 b - a +0 scale mail
 c - a +0 kite shield (worn)
 j - a +0 plate armour (worn)
Jewellery
 q - a ring of protection from fire (left hand)
Scrolls
 e - a scroll of identify
 l - 2 scrolls of teleportation
 m - a scroll of remove curse
 p - a scroll of random uselessness {unknown}
 r - 3 scrolls of enchant armour {unknown}
Potions
 d - a potion of might
 f - a potion of attraction {unknown}
 g - a potion of magic {unknown}
 h - a potion of curing {unknown}
 i - a potion of cancellation {unknown}
 o - a potion of flight
 s - a potion of heal wounds {unknown}


   Skills:
 - Level 3.6 Fighting
 + Level 6.3 Long Blades
 - Level 0.6 Throwing
 - Level 3.6 Armour
 - Level 3.6 Shields


You had 4 spell levels left.
You didn't know any spells.
Your spell library was empty.

Dungeon Overview and Level Annotations

Branches:
Dungeon (4/15)
 Temple: D:4-7

Altars:
Dithmenos

Annotations:
D:4 Menkaure


Innate Abilities, Weirdness & Mutations

You reflexively headbutt those who attack you in melee.
You have a pair of horns on your head.


Message History

Aim: Menkaure (severely damaged, 72% to hit)
You throw a boomerang. The boomerang barely misses Menkaure.
Menkaure calls on the powers of darkness!
Your body is wracked with pain!
The worker ant convulses!
Menkaure gestures at you while chanting.
Pain shoots through your body!
You hit Menkaure.
Menkaure is almost destroyed.
Menkaure points at you and mumbles some strange words.
Pain shoots through your body!
* * * LOW HITPOINT WARNING * * *
Your plate armour prevents you from hitting Menkaure.
Menkaure is almost destroyed.
You block Menkaure's attack.
You completely miss Menkaure.
Menkaure is almost destroyed.
You block the frilled lizard's attack. The worker ant bites you.
* * * LOW HITPOINT WARNING * * *
Menkaure hits you!
You die...

.).......
########........
#............>..
#.######........
#.# #........ #.#
#........ #.#
#........ #.#
#M.......
#.######@l......
#.#......B......
#.#.####........
#M#.# #........
#.#.####........
###..<............
#...#.####........
#...........$.....
###.#.####........


You could see Menkaure, a worker ant and a frilled lizard.

Vanquished Creatures
  Terence (D:2)
  An orc wizard (D:3)
  3 adders
  3 worms
  2 dart slugs
  A leopard gecko (D:1)
  3 orcs (D:3)
  A giant cockroach (D:3)
  5 goblins
  6 hobgoblins
  7 kobolds (D:1)
  A quokka (D:3)
  5 bats
  9 frilled lizards
  9 rats
57 creatures vanquished.

Vanquished Creatures (others)
  6 fungi (D:2)
  3 plants (D:1)
  3 toadstools (D:2)
12 creatures vanquished.

Grand Total: 69 creatures vanquished

Notes
Turn   | Place    | Note
-------+----------+-------------------------------------------
     0 | D:1      | nothank2 the Minotaur Fighter began the quest for the Orb.
     0 | D:1      | Reached XP level 1. HP: 19/19 MP: 0/0
    70 | D:1      | Reached skill level 3 in Long Blades
    89 | D:1      | Reached XP level 2. HP: 24/26 MP: 1/1
   375 | D:1      | Reached skill level 4 in Long Blades
   659 | D:2      | Reached XP level 3. HP: 31/31 MP: 2/2
   751 | D:2      | Noticed Terence
   759 | D:2      | Killed Terence
   783 | D:2      | Reached skill level 5 in Long Blades
   970 | D:2      | Reached XP level 4. HP: 30/39 MP: 3/3
  1398 | D:2      | Found a shadowy altar of Dithmenos.
  1818 | D:3      | Reached skill level 6 in Long Blades
  1932 | D:3      | Reached XP level 5. HP: 31/45 MP: 4/4
  2462 | D:4      | Noticed Menkaure
  2510 | D:4      | HP: 2/45 [Menkaure/nerve-wracking pain (13)]
  2512 | D:4      | Mangled by Menkaure

Illustrated notes

Levels and vault maps discovered:
D:1:      lordsloth_arrival_two_stooges, layout_basic, kennysheep_boxes
D:2:      layout_basic, minmay_gold_behind_fungi,
          nicolae_dithmenos_through_a_glass_darkly, uniq_terence
D:3:      layout_loops_ring
D:4:      layout_basic, uniq_menkaure, uniq_ijyb

Skill      XL: |  1  2  3  4 |
---------------+-------------+-----
Long Blades    | 3 4 5 6 |  6.3
Fighting       | |  3.6
Throwing       | |  0.6
Armour         | |  3.6
Shields        | |  3.6

Action                   |  1- 3 |  4- 6 || total
-------------------------+-------+-------++-------
Melee: Long sword        |    79 |    76 ||   155
       Headbutt          |    11 |    13 ||    24
Throw: Boomerang         |     4 |    20 ||    24
  Use: Scroll            |       |     5 ||     5
Armor: Scale mail        |    12 |       ||    12
       Plate armour      |    18 |    30 ||    48
Dodge: Dodged            |    11 |    10 ||    21
Block: Kite shield       |    33 |    32 ||    65
       Rpst.: Long sword |     3 |     3 ||     6
